 Dungeon Crawl Stone Soup version 0.29.1-15-g9cfb28693d (webtiles) character file.

Game seed: 14600084334026797883

30 domi the Digger (level 3, -2/26 HPs)
             Began as a Meteoran Earth Elementalist on Apr 1, 2023.
             Slain by a scorpion (3 damage)
             ... on level 3 of the Dungeon.
             The game lasted 00:02:07 (280 turns).

domi the Digger (Meteoran Earth Elementalist)        Turns: 280, Time: 00:02:07

Health: -2/26      AC:  3    Str:  9    XL:     3   Next: 55%
Magic:  1/8        EV: 12    Int: 18    God:
Gold:   67         SH:  0    Dex: 15    Spells: 1/7 levels left

rFire   . . .      SeeInvis .   (no weapon)
rCold   . . .      Faith    .   (no shield)
rNeg    . . .      Spirit   .   a - +0 robe
rPois   .          Reflect  .   (no helmet)
rElec   .          Harm     .   (no cloak)
rCorr   .          Rampage  .   f - +0 pair of gloves
Will    .....                   (no boots)
Stlth   +.........              (no amulet)
HPRegen 0.08/turn               (no ring)
MPRegen 0.11/turn               (no ring)

@: lethally poisoned (-2 -> -12), glowing
A: sense surroundings 1, otherworldly, glowing, explore regen
a: no special abilities


You were on level 3 of the Dungeon.
You visited 1 branch of the dungeon, and saw 3 of its levels.

You collected 67 gold pieces.

Inventory:

Armour
 a - a +0 robe (worn)
 f - a +0 pair of gloves (worn)
   (You found it on level 2 of the Dungeon)
Scrolls
 c - 2 scrolls of fear {unknown}
 d - a scroll of noise {unknown}
 e - a scroll of amnesia {unknown}
Potions
 b - a potion of magic
 g - 2 potions of heal wounds {unknown}


   Skills:
 - Level 2.4 Dodging
 - Level 1.4 Stealth
 - Level 2.6 Spellcasting
 + Level 1.7 Transmutations
 - Level 5.0 Earth Magic


You had one spell level left.
You knew the following spells:

 Your Spells              Type           Power      Damage    Failure   Level
x - Stone Arrow           Conj/Erth      22%        3d8       19%         3
z - Sandblast             Erth           40%        2d10      2%          1
N - Passwall              Tmut/Erth      11%        N/A       6%          2

Your spell library contained the following spells:

 Spells                   Type           Power      Damage    Failure   Level
 Petrify                  Tmut/Erth      14%        N/A       38%         4


Dungeon Overview and Level Annotations

Branches:
Dungeon (3/15) Zot: 1507

Altars:


Innate Abilities, Weirdness & Mutations

You passively map a small area around you.
You are easily found by Zot.
You glow in the dark.
You regain HP and MP as you explore.


Message History

You continue putting on your +0 pair of gloves. x4
You finish putting on your +0 pair of gloves.
Found a stone staircase leading down.
There is a stone staircase leading down here.
You climb downwards.
There is a stone staircase leading up here.
A goblin comes into view. It is wielding a +0 dagger.
Found a stone staircase leading up.
The goblin shouts!
Aim: a goblin, wielding a +0 dagger (77% to hit)
The blast of sand hits the goblin!!
You kill the goblin!
You now have 39 gold pieces (gained 16).
A kobold comes into view. It is wielding a +0 short sword.
g - 2 golden potions A kobold comes into view.
It is wielding a +0 dagger.
The kobold shouts!
You hear an angry hiss.
An adder comes into view.
Aim: a kobold, wielding a +0 dagger (77% to hit)
The blast of sand hits the kobold!
You kill the kobold!
Aim: an adder (70% to hit)
The blast of sand hits the adder!
The adder bites you.
Aim: an adder (almost dead, 70% to hit)
The blast of sand hits the adder.
You kill the adder!
Training target 5.0 for Earth Magic reached!
Your Earth Magic skill increases to level 5!
You need to enable at least one skill for training.
You have reached level 3!
Your experience leads to an increase in your attributes!
Increase (s)trength, (i)ntelligence, or (d)exterity?
You feel clever. x2; You feel agile.
This spell is quite dangerous to cast!
Memorise Stone Arrow, consuming 3 spell levels and leaving 3?
You start memorising the spell.
You continue memorising. x3
You finish memorising.
Spell assigned to 'x'.
Memorise Passwall, consuming 2 spell levels and leaving 1?
You start memorising the spell.
You continue memorising. x2
You finish memorising.
Spell assigned to 'N'.
You see here an adder corpse.
You see here a +0 dagger.
You now have 51 gold pieces (gained 12).
You now have 67 gold pieces (gained 16).
Why would you want to do that?
A bat comes into view.
The bat moves out of view.
The bat hits you but does no damage. The bat barely misses you.
Aim: a bat (74% to hit)
The blast of sand misses the bat.
The bat hits you but does no damage. x2
The bat barely misses you. x2
Aim: a bat (74% to hit)
The blast of sand misses the bat.
The bat misses you. The bat hits you.
Aim: a bat (water, 74% to hit)
The blast of sand hits the bat!
You kill the bat!
A goblin comes into view. It is wielding a +0 club.
The goblin shouts!
Aim: a goblin, wielding a +0 club (79% to hit)
The blast of sand hits the goblin!
You kill the goblin!
A goblin comes into view. It is wielding a +0 dagger.
Aim: a goblin, wielding a +0 dagger (79% to hit)
The blast of sand hits the goblin!
You kill the goblin!
Things that are here:
a +0 dagger; a goblin corpse A bat comes into view.
A scorpion comes into view.
Aim: a bat (water, 74% to hit)
The blast of sand hits the bat!
You kill the bat!
Aim: a scorpion (83% to hit)
The blast of sand hits the scorpion but does no damage.
Aim: a scorpion (83% to hit)
The blast of sand hits the scorpion.
The scorpion stings you.
Aim: a scorpion (lightly wounded, 83% to hit)
The blast of sand hits the scorpion but does no damage.
The scorpion barely misses you.
Aim: a scorpion (lightly wounded, 83% to hit)
The blast of sand misses the scorpion.
The scorpion barely misses you. The scorpion stings you.
You are poisoned.
The scorpion poisons you!
Aim: a scorpion (lightly wounded, 83% to hit)
The blast of sand hits the scorpion.
You feel very sick. The scorpion barely misses you. The scorpion stings you.
Aim: a scorpion (moderately wounded, 83% to hit)
The blast of sand hits the scorpion but does no damage.
You feel sick. The scorpion misses you. The scorpion stings you.
* * * LOW HITPOINT WARNING * * *
You are lethally poisoned!
The scorpion poisons you!
Aim: a scorpion (moderately wounded, 83% to hit)
The blast of sand misses the scorpion.
* * * LOW HITPOINT WARNING * * *
You feel very sick. The scorpion stings you.
You die...

# #≈.≈# #≈.≈# #≈..#
# #≈.≈#*#≈.≈###≈..#
≈≈≈≈.≈≈≈≈≈.≈≈≈≈≈..#
..................#
≈≈≈≈.≈≈≈≈≈.≈≈≈≈≈..#
~ ≈.≈###≈..# ≈.≈
#≈..# * ,
≈.≈###≈..# ~
≈.≈≈≈≈≈@.#
.......s.# ~
≈.≈≈≈≈≈..# *
≈.≈###≈..# * ≈.≈
#≈..# ≈. **#≈..# ~
~≈≈..# , , , ....#
* , ,


You could see a scorpion.

Vanquished Creatures
  2 adders
  2 bats (D:3)
  An endoplasm (D:2)
  4 goblins
  2 kobolds
11 creatures vanquished.

Notes
Turn   | Place    | Note
-------+----------+-------------------------------------------
     0 | D:1      | domi the Meteoran Earth Elementalist began the quest for
                  | the Orb.
     0 | D:1      | Reached XP level 1. HP: 14/14 MP: 5/5
   109 | D:2      | Reached skill level 4 in Earth Magic
   109 | D:2      | Reached XP level 2. HP: 20/20 MP: 2/6
   197 | D:3      | Reached skill level 5 in Earth Magic
   197 | D:3      | Reached XP level 3. HP: 26/26 MP: 4/8
   201 | D:3      | Learned a level 3 spell: Stone Arrow
   204 | D:3      | Learned a level 2 spell: Passwall
   272 | D:3      | Noticed a scorpion
   279 | D:3      | HP: 5/26 [scorpion (5)]
   280 | D:3      | HP: 1/26 [poisoned by a scorpion]
   280 | D:3      | Slain by a scorpion

Illustrated notes

Levels and vault maps discovered:
D:1:      mainiacjoe_arrival_reflecting_pool, layout_basic,
          corexii_hall_statues_u, minmay_misc_feat_iff,
          nicolae_kite_square_tiling_tiny, grunt_decor_mini_mirrors,
          minivault_11, kennysheep_doodads, corexii_hall_statues_x,
          chequers_jeans, corexii_item_surrounded_by_moat
D:2:      layout_loops_ring, basic_altar, ebering_ecumenical_altar_hall,
          uniq_robin
D:3:      layout_loops_ring, kennysheep_okawaru_gauntlet,
          gammafunk_ghost_stat_death, kennysheep_boxes

Skill      XL: |  1  2 |
---------------+-------+-----
Earth Magic    | 4 5 |  5.0
Dodging        | |  2.4
Stealth        | |  1.4
Spellcasting   | |  2.6
Transmutations | |  1.7

Action                   || total
-------------------------++-------
 Cast: Sandblast         ||    23
Armor: Robe              ||     4
Dodge: Dodged            ||     8

Table legend: (Time is in decaauts)
 A = Elapsed time spent in this place.
 B = Non-inter-level travel time spent in this place.
 C = Inter-level travel time spent in this place.
 D = Time resting spent in this place.
 E = Time spent auto-exploring this place.
 F = Levels seen in this place.
 G = Mean time per level.
                   A        B        C        D        E       F      G
               +--------+--------+--------+--------+--------+-----+--------+
         Total |    290 |    290 |      0 |      0 |      0 |   3 |   96.7 |
       Dungeon |    290 |    290 |      0 |      0 |      0 |   3 |   96.7 |
               +--------+--------+--------+--------+--------+-----+--------+

Top non-repeatable levels by time:
     D:3: 111 daAuts
     D:1: 105 daAuts
     D:2: 73 daAuts

Table legend:
 A = Kills in this place as a percentage of kills in entire the game.
 B = Kills by you in this place as a percentage of kills by you in the entire game.
 C = Kills by friends in this place as a percentage of kills by friends in the entire game.
 D = Other kills in this place as a percentage of other kills in the entire game.
 E = Experience gained in this place as a percentage of experience gained in the entire game.
 F = Experience gained in this place divided by the number of levels of this place that you have seen.
                   A       B       C       D       E      F
               +-------+-------+-------+-------+-------+----------------------
         Total | 100.0 | 100.0 |   N/A |   N/A | 100.0 |  14.3
       Dungeon | 100.0 | 100.0 |   N/A |   N/A | 100.0 |  14.3
               +-------+-------+-------+-------+-------+----------------------
